 Dungeon Crawl Stone Soup version 0.29-a0-994-gc5c9f59d18 (webtiles) character file.

Game seed: 11609450865476503862

203 Kinoniko the Shooter (level 5, -5/58 HPs)
             Began as a Demonspawn Hunter on Aug 3, 2022.
             Killed by divine providence
             ... invoked by an orc priest
              (14 damage)
             ... on level 4 of the Dungeon.
             The game lasted 00:03:50 (2538 turns).

Kinoniko the Shooter (Demonspawn Hunter)            Turns: 2538, Time: 00:03:52

Health: -5/58      AC: 22    Str: 11    XL:     5   Next: 51%
Magic:  5/5        EV:  2    Int: 10    God:
Gold:   180        SH:  4    Dex: 19    Spells: 4/4 levels left

rFire   . . .      SeeInvis .   a - +0 shortbow
rCold   + . .      Faith    .   (shield currently unavailable)
rNeg    . . .      Spirit   .   (body armour currently unavailable)
rPois   +          Reflect  .   (helmet currently unavailable)
rElec   .          Harm     .   (cloak currently unavailable)
rCorr   .          Rampage  .   (gloves currently unavailable)
Will    +....      NoTele   +   (boots currently unavailable)
Stlth   ++........              f - amulet of regeneration
HPRegen 0.99/turn               j - ring of willpower
MPRegen 0.09/turn               q - ring of protection from cold

@: lethally poisoned (-5 -> -5), tree-form, attractive
A: stationary, stasis, torment immunity, boosted hp, (antennae 1), rugged brown
scales 1, condensation shield, deterioration 2, (poison resistance)
a: no special abilities


You were on level 4 of the Dungeon.
You were a tree.
You visited 1 branch of the dungeon, and saw 4 of its levels.

You collected 180 gold pieces.

Inventory:

Hand Weapons
 a - a +0 shortbow (weapon)
 l - the +7 broad axe of the Telling Ancients {speed, rC+++ rN+ Str-3 Dex-5}
   (You acquired it on level 3 of the Dungeon)

   Attacks with this weapon are significantly faster.
   Str:       It affects your strength (-3).
   Dex:       It affects your dexterity (-5).
   rC:        It renders you almost immune to cold.
   rN:        It protects you from negative energy.
 s - a +2 dagger of electrocution
Missiles
 n - 4 curare-tipped darts
 p - 2 poisoned darts
Armour
 c - a +0 leather armour
 t - a +0 pair of boots (melded)
 u - a +0 ring mail (melded)
Jewellery
 f - an amulet of regeneration (around neck)
 j - a ring of willpower (left branch)
 q - a ring of protection from cold (right branch)
Scrolls
 b - 2 scrolls of immolation
 e - 2 scrolls of teleportation
 h - 2 scrolls of poison
 i - 3 scrolls of noise
 k - a scroll of magic mapping {unknown}
 m - 2 scrolls of blinking
 o - a scroll of amnesia
 y - a scroll of silence {unknown}
 z - a scroll of enchant weapon {unknown}
Potions
 g - a potion of cancellation
 r - 2 potions of might
 x - a potion of ambrosia


   Skills:
 - Level 2.0 Fighting
 * Level 0.3 Axes
 * Level 6.2 Ranged Weapons
 - Level 1.7 Dodging
 - Level 0.8 Stealth


You had 4 spell levels left.
You didn't know any spells.
Your spell library contained the following spells:

 Spells                   Type           Power      Damage    Failure   Level
 Ensorcelled Hibernation  Hex/Ice        0%         N/A       50%         2
 Passwall                 Tmut/Erth      0%         N/A       50%         2
 Swiftness                Air            0%         N/A       75%         3
 Airstrike                Air            0%         2d(0-16)  98%         4
 Summon Lightning Spire   Summ/Air       0%         N/A       98%         4
 Lightning Bolt           Conj/Air       0%         1d11      100%        5


Dungeon Overview and Level Annotations

Branches:
Dungeon (4/15)
 Temple: D:4-7

Altars:
Uskayaw


Innate Abilities, Weirdness & Mutations

You are a tree.
Your roots penetrate the ground, keeping you stationary.
You cannot be teleported.
You are immune to unholy pain and torment.
Your maximum health is greatly increased.
Your equipment is partially melded.
((You have a pair of small antennae on your head.))
(You are partially covered in rugged brown scales. (AC +1, +3% HP))
A meltable shield of frost defends you. (SH +4)
Your body often deteriorates upon taking damage.
((Your system is resistant to poisons. (rPois)))


Message History

You feel invigorated.
* * * LOW HITPOINT WARNING * * *
You feel very sick. Something hits you but does no damage.
It was a potion of might.
You feel very mighty all of a sudden.
You feel sick. Something hits you but does no damage.
It was a potion of cancellation.
Your magical effects are unravelling.
You feel magically purged.
You feel less invigorated.
You feel less confused.
You feel a little less mighty now.
You feel sick. Something hits you.
* * * LOW HITPOINT WARNING * * *
Unknown command.
It was a potion of attraction.
You feel attractive to monsters.
You feel sick. Something hits you.
* * * LOW HITPOINT WARNING * * *
It was a potion of flight.
You feel very buoyant.
You fly up into the air.
You feel sick.
The orc priest invokes the aid of Beogh against you.
Something writhes in agony.
Reactivating autopickup.
You feel a bit more experienced. The orc is attracted toward you. x2
It was a potion of lignification.
You turn into a tree.
Your +0 pair of boots melds into your body.
Your +0 ring mail melds into your body.
Your roots penetrate the ground.
You feel sick. The orc hits you but does no damage.
The orc priest calls upon Beogh to heal the orc.
The orc's wounds heal themselves!
Unknown command.
Unknown command.
It was a potion of mutation.
You feel extremely strange.
You feel yourself wasting away.
You feel your body start to fall apart.
You feel resistant to poisons.
You feel sick. The orc hits you but does no damage.
The orc priest mumbles some strange prayers to Beogh against you.
Beogh smites you!
You die...

.......# ....8..#
.......######
....8.......########
......####[........#
8.8...# #.#######.#
.†....# #.### .##
...#######...#####o.#
.)..............♣oo.#
..##..######<######?.....
.......# #.# .....
#.###.>## #†# ....
#.......# #.# ...
...####... #.# .. ...#
##. #.. . ......# .##
####....


You could see an orc priest and 2 orcs.

Vanquished Creatures
  A hound (D:4)
  Jessica (D:3)
  Terence (D:3)
  An orc wizard (D:4)
  2 adders (D:2)
  2 dart slugs
  An orc (D:3)
  4 ball pythons
  2 bats
  6 endoplasms
  3 giant cockroaches
  6 goblins
  8 hobgoblins
  5 jackals
  3 quokkas
  3 frilled lizards (D:2)
  4 kobolds
  3 rats
56 creatures vanquished.

Vanquished Creatures (others)
  An orc wizard (D:4)
  3 plants (D:2)
4 creatures vanquished.

Grand Total: 60 creatures vanquished

Notes
Turn   | Place    | Note
-------+----------+-------------------------------------------
     0 | D:1      | Kinoniko the Demonspawn Hunter began the quest for the Orb.
     0 | D:1      | Reached XP level 1. HP: 16/16 MP: 1/1
   109 | D:1      | Reached skill level 4 in Ranged Weapons
   115 | D:1      | Gained mutation: You have a pair of small antennae on your
                  | head. [demonic ancestry]
   115 | D:1      | Reached XP level 2. HP: 20/22 MP: 2/2
   159 | D:1      | Found a faded altar of an unknown god.
  1026 | D:2      | Gained mutation: You are partially covered in rugged brown
                  | scales. (AC +1, +3% HP) [demonic ancestry]
  1026 | D:2      | Reached XP level 3. HP: 22/27 MP: 3/3
  1228 | D:2      | Reached skill level 5 in Ranged Weapons
  1621 | D:3      | Reached XP level 4. HP: 33/33 MP: 4/4
  1679 | D:3      | Noticed Jessica
  1681 | D:3      | Killed Jessica
  1992 | D:3      | Noticed Terence
  1998 | D:3      | Killed Terence
  2024 | D:3      | Identified the +6 mace of Zicuf {protect, rF+}
  2227 | D:3      | Identified a scroll of acquirement
  2227 | D:3      | Acquired the +7 broad axe of the Telling Ancients {speed,
                  | rC+++ rN+ Str-3 Dex-5}
  2435 | D:4      | Found a hide-covered altar of Uskayaw.
  2455 | D:4      | Gained mutation: A meltable shield of frost defends you.
                  | (SH +4) [demonic ancestry]
  2455 | D:4      | Reached XP level 5. HP: 25/39 MP: 5/5
  2529 | D:4      | Reached skill level 6 in Ranged Weapons
  2538 | D:4      | Gained mutation: Your body sometimes deteriorates upon
                  | taking damage. [potion of mutation]
  2538 | D:4      | Gained mutation: Your body often deteriorates upon taking
                  | damage. [potion of mutation]
  2538 | D:4      | Gained mutation: Your system is resistant to poisons.
                  | (rPois) [potion of mutation]
  2538 | D:4      | Killed from afar by an orc priest

Illustrated notes

Levels and vault maps discovered:
D:1:      erik_arrival_cave_to_civilisation [erik_arrival_cave_to_hall],
          layout_loops_ring, shapermc_ecumenical_altar_starsandcircs,
          st_stairs_8
D:2:      layout_rooms, serial_bayou_pond_b
D:3:      layout_loops_ring, good_gods_mini_temple, uniq_terence, uniq_jessica
D:4:      layout_rooms, nicolae_uskayaw_dance_hall

Skill      XL: |  1  2  3  4  5 |
---------------+----------------+-----
Ranged Weapons | 4 5 6 |  6.2
Fighting       | |  2.0
Axes           | |  0.3
Dodging        | |  1.7
Stealth        | |  0.8

Action                   |  1- 3 |  4- 6 || total
-------------------------+-------+-------++-------
 Fire: Shortbow          |    97 |    61 ||   158
  Use: Scroll            |       |     8 ||     8
       Potion            |       |     7 ||     7
Armor: Leather armour    |    11 |       ||    11
       Ring mail         |     2 |    14 ||    16
       Skin              |       |     2 ||     2
Dodge: Dodged            |    24 |    20 ||    44
Block: Other             |       |     2 ||     2

Table legend: (Time is in decaauts)
 A = Elapsed time spent in this place.
 B = Non-inter-level travel time spent in this place.
 C = Inter-level travel time spent in this place.
 D = Time resting spent in this place.
 E = Time spent auto-exploring this place.
 F = Levels seen in this place.
 G = Mean time per level.
                   A        B        C        D        E       F      G
               +--------+--------+--------+--------+--------+-----+--------+
         Total |   2594 |   2442 |    152 |     33 |   2015 |   4 |  648.5 |
       Dungeon |   2594 |   2442 |    152 |     33 |   2015 |   4 |  648.5 |
               +--------+--------+--------+--------+--------+-----+--------+

Top non-repeatable levels by time:
     D:1: 934 daAuts
     D:3: 823 daAuts
     D:2: 586 daAuts
     D:4: 249 daAuts
